ESL (28 & UNDER)
READING RAINBOWS @ MINNESOTA MANBEARPIGS
06/20/2028
 
TOP OF THE 1ST
Reading Rainbows batting - Pitching for Minnesota ManBearPigs : LHP Rob Price
Pitching: LHP Rob Price
Batting: RHB Tim Davis 0-0: Called Strike
0-1: SINGLE (Flyball, 9LM)
Batting: RHB Juan Magdayao 0-0: Called Strike
0-1: Foul Ball, location: 2F
0-2: Ball
1-2: Foul Ball, location: 2F
1-2: Ball
2-2: Ball
3-2: SINGLE (Groundball, 56D)
Tim Davis to second
Batting: RHB Ethan Moore 0-0: Ball
1-0: Foul Ball, location: 2F
1-1: Grounds into double play, 4-6-3 (Groundball, 4)
Tim Davis to third
Batting: LHB Shane Lynch 0-0: Ball
1-0: 2-RUN HOME RUN (Flyball, 9LD), Distance : 365 ft
Batting: RHB Jeff Townsley 0-0: Called Strike
0-1: Ball
1-1: Swinging Strike
1-2: Ball
2-2: Strikes out swinging
Top of the 1st over - 2 run(s), 3 hit(s), 0 error(s), 0 left on base; Reading 2 - Minnesota 0
BOTTOM OF THE 1ST
Minnesota ManBearPigs batting - Pitching for Reading Rainbows : LHP Beau Montgomery
Pitching: LHP Beau Montgomery
Batting: LHB Elvin Summers 0-0: Ball
1-0: Ball
2-0: DOUBLE (Flyball, 7)
Batting: RHB Casey Fox 0-0: Ball
1-0: Ground out 6-3 (Groundball, 6)
Batting: RHB Pat Fernández 0-0: Called Strike
Elvin Summers is caught stealing 3rd base
0-1: Foul Ball, location: 2F
0-2: Ball
1-2: SINGLE (Line Drive, 7S)
Batting: RHB Ricardo Salazar 0-0: Called Strike
0-1: Swinging Strike
0-2: DOUBLE (Flyball, 78M)
Pat Fernández to third
Runner from 3rd tries for Home, throw and OUT!
Bottom of the 1st over - 0 run(s), 3 hit(s), 0 error(s), 1 left on base; Reading 2 - Minnesota 0
TOP OF THE 2ND
Reading Rainbows batting - Pitching for Minnesota ManBearPigs : LHP Rob Price
Batting: RHB Joe Land 0-0: Ball
1-0: Called Strike
1-1: Ball
2-1: Called Strike
2-2: Foul Ball, location: 2F
2-2: Ball
3-2: Strikes out swinging
Batting: RHB Ron King 0-0: Foul Ball, location: 2F
0-1: Ball
1-1: Swinging Strike
1-2: Strikes out swinging
Batting: RHB Germán Romero 0-0: Called Strike
0-1: Ball
1-1: Foul Ball, location: 2F
1-2: Foul Ball, location: 2F
1-2: Ball
2-2: Ball
3-2: Strikes out swinging
Top of the 2nd over - 0 run(s), 0 hit(s), 0 error(s), 0 left on base; Reading 2 - Minnesota 0
BOTTOM OF THE 2ND
Minnesota ManBearPigs batting - Pitching for Reading Rainbows : LHP Beau Montgomery
Batting: RHB Jeffrey Hicks 0-0: Ball
1-0: Foul Ball, location: 2F
1-1: Ball
2-1: Swinging Strike
2-2: Ball
3-2: Foul Ball, location: 2F
3-2: Foul Ball, location: 2F
3-2: Fly out, F9 (Flyball, 9S)
Batting: RHB Ichizo Akiyama 0-0: Single, Error in OF, E8, batter to second base
Batting: RHB Ben Barker 0-0: Called Strike
0-1: Ball
1-1: Swinging Strike
1-2: Ball
2-2: Fly out, F7 (Flyball, 7)
Batting: RHB Carlos López 0-0: Foul Ball, location: 2F
0-1: Fly out, F4 (Popup, 4M)
Bottom of the 2nd over - 0 run(s), 1 hit(s), 1 error(s), 1 left on base; Reading 2 - Minnesota 0
TOP OF THE 3RD
Reading Rainbows batting - Pitching for Minnesota ManBearPigs : LHP Rob Price
Batting: SHB Dan Chandler 0-0: Called Strike
0-1: Ball
1-1: Called Strike
1-2: Foul Ball, location: 2F
1-2: Ball
2-2: Foul Ball, location: 2F
2-2: Foul Ball, location: 2F
2-2: Fly out, F9 (Flyball, 89D)
Batting: RHB Tim Davis 0-0: Called Strike
0-1: Reached on error, E5 (Groundball, 5S)
Batting: RHB Juan Magdayao 0-0: Called Strike
0-1: 2-RUN HOME RUN (Flyball, 7LD), Distance : 374 ft
Batting: RHB Ethan Moore 0-0: Foul Ball, location: 2F
0-1: Ball
1-1: Fly out, F5 (Popup, 56)
Batting: LHB Shane Lynch 0-0: Ball
1-0: Swinging Strike
1-1: Ball
2-1: Foul Ball, location: 2F
2-2: Strikes out swinging
Top of the 3rd over - 2 run(s), 1 hit(s), 1 error(s), 0 left on base; Reading 4 - Minnesota 0
BOTTOM OF THE 3RD
Minnesota ManBearPigs batting - Pitching for Reading Rainbows : LHP Beau Montgomery
Batting: RHB Luis Maldonado 0-0: Foul Ball, location: 2F
0-1: Foul Ball, location: 2F
0-2: Ball
1-2: Ball
2-2: Strikes out looking
Batting: LHB Elvin Summers 0-0: Ball
1-0: Swinging Strike
1-1: Ball
2-1: Ball
3-1: Base on Balls
Batting: RHB Casey Fox 0-0: Ball
1-0: Called Strike
Elvin Summers steals 2nd base
1-1: Foul Ball, location: 2F
1-2: Foul Ball, location: 2F
1-2: Ball
2-2: DOUBLE (Line Drive, 89D)
Elvin Summers scores
Batting: RHB Pat Fernández 0-0: Ball
1-0: Ground out 4-3 (Groundball, 4)
Casey Fox to third
Batting: RHB Ricardo Salazar 0-0: Called Strike
0-1: Ball
1-1: Ball
2-1: Ball
3-1: Fly out, F6 (Line Drive, 6M)
Bottom of the 3rd over - 1 run(s), 1 hit(s), 0 error(s), 1 left on base; Reading 4 - Minnesota 1
TOP OF THE 4TH
Reading Rainbows batting - Pitching for Minnesota ManBearPigs : LHP Rob Price
Batting: RHB Jeff Townsley 0-0: SINGLE (Groundball, 6M) (infield hit)
Batting: RHB Joe Land 0-0: Ball
1-0: Foul Ball, location: 2F
1-1: Foul Ball, location: 2F
1-2: SINGLE (Groundball, 34D)
Jeff Townsley to second
Runner from 2nd tries for 3rd, SAFE, no throw
Batting: RHB Ron King 0-0: Ball
1-0: Ball
2-0: Called Strike
2-1: Ball
3-1: Called Strike
3-2: Strikes out swinging
Batting: RHB Germán Romero Balk!
Jeff Townsley scores
Joe Land to second
0-0: Ground out 3-1 (Groundball, 34)
Joe Land to third
Batting: SHB Dan Chandler 0-0: Called Strike
0-1: Foul Ball, location: 2F
0-2: Ball
1-2: Ball
2-2: SINGLE (Line Drive, 56)
Joe Land scores
Pitching: RHP Gabriel McDaniel
Batting: RHB Tim Davis 0-0: Ball
1-0: Foul Ball, location: 2F
1-1: Swinging Strike
1-2: Strikes out swinging
Top of the 4th over - 2 run(s), 3 hit(s), 0 error(s), 1 left on base; Reading 6 - Minnesota 1
BOTTOM OF THE 4TH
Minnesota ManBearPigs batting - Pitching for Reading Rainbows : LHP Beau Montgomery
Batting: RHB Jeffrey Hicks 0-0: Ball
1-0: Reached on error, E5 (Groundball, 56)
Batting: RHB Ichizo Akiyama 0-0: Called Strike
0-1: Foul Ball, location: 2F
0-2: Foul Ball, location: 2F
0-2: Ball
1-2: Ball
2-2: Foul Ball, location: 2F
2-2: Ball
3-2: Ground out 6-3 (Groundball, 6MS)
Jeffrey Hicks to second
Batting: RHB Ben Barker 0-0: Ball
1-0: Called Strike
1-1: Foul Ball, location: 2F
1-2: Ball
2-2: Ball
3-2: Strikes out swinging
Batting: RHB Carlos López 0-0: Ball
1-0: Called Strike
1-1: Ball
2-1: Foul Ball, location: 2F
2-2: Ball
3-2: Strikes out looking
Bottom of the 4th over - 0 run(s), 0 hit(s), 1 error(s), 1 left on base; Reading 6 - Minnesota 1
TOP OF THE 5TH
Reading Rainbows batting - Pitching for Minnesota ManBearPigs : RHP Gabriel McDaniel
Batting: RHB Juan Magdayao 0-0: Ball
1-0: Foul Ball, location: 2F
1-1: Foul Ball, location: 2F
1-2: Ball
2-2: Ball
3-2: Foul Ball, location: 2F
3-2: Ground out 5-3 (Groundball, 5S)
Batting: RHB Ethan Moore 0-0: Called Strike
0-1: Ball
1-1: Foul Ball, location: 2F
1-2: Strikes out swinging, 2-3 out at first.
Batting: LHB Shane Lynch 0-0: Ball
1-0: Ball
2-0: Ball
3-0: Called Strike
3-1: Foul Ball, location: 2F
3-2: Base on Balls
Batting: RHB Jeff Townsley 0-0: Swinging Strike
0-1: Fly out, F7 (Flyball, 78M)
Top of the 5th over - 0 run(s), 0 hit(s), 0 error(s), 1 left on base; Reading 6 - Minnesota 1
BOTTOM OF THE 5TH
Minnesota ManBearPigs batting - Pitching for Reading Rainbows : LHP Beau Montgomery
Batting: RHB Luis Maldonado 0-0: Called Strike
0-1: SINGLE (Groundball, 4MD)
Batting: LHB Elvin Summers 0-0: Ball
1-0: Foul Ball, location: 2F
1-1: Ground out U3 (Groundball, 34)
Luis Maldonado to second
Batting: RHB Casey Fox 0-0: Called Strike
0-1: Ground out 6-3 (Groundball, 6)
Batting: RHB Pat Fernández 0-0: Called Strike
0-1: DOUBLE (Line Drive, 9LD)
Luis Maldonado scores
Batting: RHB Ricardo Salazar 0-0: Ball
1-0: Ground out 4-3 (Groundball, 4)
Bottom of the 5th over - 1 run(s), 2 hit(s), 0 error(s), 1 left on base; Reading 6 - Minnesota 2
TOP OF THE 6TH
Reading Rainbows batting - Pitching for Minnesota ManBearPigs : RHP Gabriel McDaniel
Batting: RHB Joe Land 0-0: Called Strike
0-1: Ball
1-1: Ground out 5-3 (Groundball, 56)
Batting: RHB Ron King 0-0: Ball
1-0: Foul Ball, location: 2F
1-1: Called Strike
1-2: Foul Ball, location: 2F
1-2: Ball
2-2: Foul Ball, location: 2F
2-2: Strikes out swinging
Batting: RHB Germán Romero 0-0: Ball
1-0: Called Strike
1-1: Called Strike
1-2: Strikes out swinging
Top of the 6th over - 0 run(s), 0 hit(s), 0 error(s), 0 left on base; Reading 6 - Minnesota 2
BOTTOM OF THE 6TH
Minnesota ManBearPigs batting - Pitching for Reading Rainbows : LHP Beau Montgomery
Batting: RHB Jeffrey Hicks 0-0: Foul Ball, location: 2F
0-1: Foul Ball, location: 2F
0-2: Ball
1-2: Ball
2-2: Ground out U3 (Groundball, 34)
Batting: RHB Ichizo Akiyama 0-0: Ball
1-0: Swinging Strike
1-1: Ball
2-1: Ball
3-1: Base on Balls
Batting: RHB Ben Barker 0-0: Called Strike
0-1: 2-RUN HOME RUN (Flyball, 7LD), Distance : 361 ft
Pitching: RHP Cory Powell
Batting: RHB Carlos López 0-0: Ball
1-0: Fly out, F4 (Line Drive, 4M)
Batting: RHB Luis Maldonado 0-0: Foul Ball, location: 2F
0-1: Swinging Strike
0-2: Foul Ball, location: 2F
0-2: Ball
1-2: Ball
2-2: Foul Ball, location: 2F
2-2: Strikes out looking
Bottom of the 6th over - 2 run(s), 1 hit(s), 0 error(s), 0 left on base; Reading 6 - Minnesota 4
TOP OF THE 7TH
Reading Rainbows batting - Pitching for Minnesota ManBearPigs : RHP Gabriel McDaniel
Batting: SHB Dan Chandler 0-0: Ball
1-0: Foul Ball, location: 2F
1-1: Ground out 6-3 (Groundball, 6)
Pitching: RHP Ernesto González
Batting: RHB Tim Davis 0-0: Ball
1-0: Foul Ball, location: 2F
1-1: Ball
2-1: Called Strike
2-2: Ground out 6-3 (Groundball, 6)
Batting: RHB Juan Magdayao 0-0: Ball
1-0: Swinging Strike
1-1: Ball
2-1: Called Strike
2-2: Ground out 5-3 (Groundball, 56S)
Top of the 7th over - 0 run(s), 0 hit(s), 0 error(s), 0 left on base; Reading 6 - Minnesota 4
BOTTOM OF THE 7TH
Minnesota ManBearPigs batting - Pitching for Reading Rainbows : RHP Cory Powell
Batting: LHB Elvin Summers 0-0: Called Strike
0-1: Fly out, F9 (Line Drive, 9)
Batting: RHB Casey Fox 0-0: Foul Ball, location: 2F
0-1: Ball
1-1: Ball
2-1: Ball
3-1: Base on Balls
Batting: RHB Pat Fernández 0-0: Ball
1-0: Called Strike
1-1: Foul Ball, location: 2F
1-2: Ball
2-2: Grounds into double play, 4-6-3 (Groundball, 34)
Bottom of the 7th over - 0 run(s), 0 hit(s), 0 error(s), 0 left on base; Reading 6 - Minnesota 4
TOP OF THE 8TH
Reading Rainbows batting - Pitching for Minnesota ManBearPigs : RHP Ernesto González
Batting: RHB Ethan Moore 0-0: Called Strike
0-1: Ball
1-1: Ball
2-1: Ball
3-1: DOUBLE (Flyball, 78XD)
Batting: LHB Shane Lynch 0-0: Intentional Walk
Pinch Hitting: RHB José Ortega 0-0: Ball
1-0: Fly out, F8 (Flyball, 8LM)
Batting: RHB Joe Land 0-0: Called Strike
0-1: Ball
1-1: Swinging Strike
1-2: Ball
2-2: Foul Ball, location: 2F
2-2: Strikes out swinging
Batting: RHB Ron King 0-0: Ball
1-0: Ball
2-0: Swinging Strike
2-1: Ball
3-1: Base on Balls
Ethan Moore to third
Shane Lynch to second
Batting: RHB Germán Romero 0-0: Ball
1-0: Ball
2-0: Ball
3-0: Called Strike
3-1: Called Strike
3-2: Strikes out swinging
Top of the 8th over - 0 run(s), 1 hit(s), 0 error(s), 3 left on base; Reading 6 - Minnesota 4
BOTTOM OF THE 8TH
Minnesota ManBearPigs batting - Pitching for Reading Rainbows : RHP Cory Powell
Now in LF: Louis Smith
Batting: RHB Ricardo Salazar 0-0: Ball
1-0: Fly out, F9 (Line Drive, 89S)
Batting: RHB Jeffrey Hicks 0-0: Called Strike
0-1: Called Strike
0-2: Ball
1-2: Ball
2-2: Ball
3-2: Ground out 6-3 (Groundball, 6)
Batting: RHB Ichizo Akiyama 0-0: Ball
1-0: DOUBLE (Line Drive, 8LD)
Pitching: RHP Lane Lund
Batting: RHB Ben Barker 0-0: Foul Ball, location: 2F
0-1: Ball
1-1: Ground out 6-3 (Groundball, 6)
Bottom of the 8th over - 0 run(s), 1 hit(s), 0 error(s), 1 left on base; Reading 6 - Minnesota 4
TOP OF THE 9TH
Reading Rainbows batting - Pitching for Minnesota ManBearPigs : RHP Ernesto González
Batting: SHB Dan Chandler 0-0: Foul Ball, location: 2F
0-1: DOUBLE (Line Drive, 7LS)
Batting: RHB Tim Davis 0-0: DOUBLE (Line Drive, 78M)
Dan Chandler scores
Batting: RHB Juan Magdayao 0-0: Called Strike
0-1: Called Strike
0-2: Strikes out swinging
Batting: RHB Ethan Moore 0-0: Called Strike
0-1: DOUBLE (Flyball, 78M)
Tim Davis scores
Batting: LHB Shane Lynch 0-0: Intentional Walk
Pitching: RHP Brad White
Batting: RHB Louis Smith 0-0: Called Strike
0-1: Called Strike
0-2: Ball
1-2: Strikes out looking
Batting: RHB Joe Land 0-0: Ball
1-0: Called Strike
1-1: Ball
2-1: Ball
3-1: Base on Balls
Ethan Moore to third
Shane Lynch to second
Batting: RHB Ron King 0-0: Ball
1-0: Foul Ball, location: 2F
1-1: Swinging Strike
1-2: Strikes out looking
Top of the 9th over - 2 run(s), 3 hit(s), 0 error(s), 3 left on base; Reading 8 - Minnesota 4
BOTTOM OF THE 9TH
Minnesota ManBearPigs batting - Pitching for Reading Rainbows : RHP Lane Lund
Batting: RHB Carlos López 0-0: Called Strike
0-1: Ball
1-1: Called Strike
1-2: Ground out U3 (Groundball, 34)
Batting: RHB Luis Maldonado 0-0: Ball
1-0: Ball
2-0: Called Strike
2-1: Called Strike
2-2: Ball
3-2: Strikes out looking
Batting: LHB Elvin Summers 0-0: Ball
1-0: Ball
2-0: Foul Ball, location: 2F
2-1: Swinging Strike
2-2: Strikes out swinging
Bottom of the 9th over - 0 run(s), 0 hit(s), 0 error(s), 0 left on base; Reading 8 - Minnesota 4
Tuesday, August 8th, 2017 - OOTP Baseball 17.12 Build 75